 Dungeon Crawl Stone Soup version 0.30-a0-782-ge64f9170bb (webtiles) character file.

Game seed: 18439504457601406559

91 Barriton the Chiller (level 4, 0/33 HPs)
             Began as a Draconian Ice Elementalist on Feb 28, 2023.
             Slain by a gnoll
             ... wielding a +0 halberd
              (12 damage)
             ... on level 2 of the Dungeon.
             The game lasted 00:03:51 (1590 turns).

Barriton the Chiller (Draconian Ice Elementalist)   Turns: 1590, Time: 00:03:51

Health: 0/33       AC:  6    Str: 10    XL:     4   Next: 34%
Magic:  5/8        EV: 12    Int: 18    God:
Gold:   90         SH:  0    Dex: 11    Spells: 7/8 levels left

rFire   . . .      SeeInvis .    (no weapon)
rCold   . . .      Faith    .    (no shield)
rNeg    . . .      Spirit   .    (body armour unavailable)
rPois   .          Reflect  .    (helmet restricted)
rElec   .          Harm     .    i - +0 cloak
rCorr   .          Rampage  .    (no gloves)
Will    .....                    (no boots)
Stlth   ++                       h - amulet of regeneration
HPRegen 1.05/turn                e - ring of flight
MPRegen 0.11/turn                (no ring)

@: flying
A: AC +5, unfitting armour, cold-blooded
a: no special abilities


You were on level 2 of the Dungeon.
You visited 1 branch of the dungeon, and saw 2 of its levels.

You collected 90 gold pieces.

Inventory:

Armour
 i - a +0 cloak (worn)
Jewellery
 e - a ring of flight (left hand)
 h - an amulet of regeneration (around neck)
Scrolls
 b - a scroll of summoning {unknown}
Potions
 a - 2 potions of magic
 c - a potion of degeneration {unknown}
 d - a potion of attraction {unknown}
 f - 2 potions of heal wounds {unknown}
 j - a potion of haste {unknown}


   Skills:
 + Level 0.1 Fighting
 + Level 2.2 Dodging
 + Level 2.0 Stealth
 + Level 0.6 Unarmed Combat
 + Level 2.8 Spellcasting
 + Level 4.8 Ice Magic


You had 7 spell levels left.
You knew the following spells:

 Your Spells              Type           Power      Damage    Failure   Level
a - Freeze                Ice            80%        1d9       2%          1

Your spell library contained the following spells:

 Spells                   Type           Power      Damage    Failure   Level
 Frozen Ramparts          Ice            40%        1d7       7%          3
 Ozocubu's Armour         Ice            20%        N/A       7%          3
 Cigotuvi's Dreadful Rot  Necr/Pois/Air  4%         N/A       26%         2
 Poisonous Vapours        Pois/Air       4%         N/A       26%         2
 Inner Flame              Hex/Fire       2%         N/A       45%         3
 Mephitic Cloud           Conj/Pois/Air  2%         N/A       45%         3
 Summon Ice Beast         Ice/Summ       11%        N/A       52%         4
 Flame Wave               Conj/Fire      2%         2d4       86%         4
 Sticky Flame             Conj/Fire      2%         2d3       86%         4


Dungeon Overview and Level Annotations

Branches:
Dungeon (2/15)

Altars:


Innate Abilities, Weirdness & Mutations

Your plain brown scales are hard. (AC +5)
You cannot fit into any form of body armour.
You are cold-blooded and may be slowed by cold attacks.


Message History

You kill the kobold!
A giant cockroach comes into view.
A giant cockroach is nearby!
A giant cockroach is nearby!
You freeze the giant cockroach!
You kill the giant cockroach!
A gnoll comes into view. It is wielding a +0 club.
The gnoll shouts!
You hear an angry hiss.
A gnoll is nearby!
A gnoll is nearby!
You can't see any susceptible monsters within range! (Use Z to cast anyway.)
A ball python comes into view.
You hit the gnoll but do no damage. The gnoll hits you with a +0 club.
A gnoll comes into view. It is wielding a +0 halberd.
The gnoll shouts!
You hit the gnoll but do no damage. You tail-slap the gnoll.
The gnoll is moderately wounded.
The gnoll barely misses you.
You freeze the gnoll.
The gnoll is heavily wounded.
The gnoll hits you with a +0 club.
A gnoll comes into view. It is wielding a +0 halberd of flaming.
The gnoll hits you from afar with a +0 halberd.
You freeze the gnoll.
The gnoll is severely wounded.
The gnoll shouts!
The gnoll hits you from afar with a +0 halberd.
You freeze the gnoll!
You kill the gnoll!
The ball python bites you. The ball python barely misses you.
The gnoll hits you from afar with a +0 halberd.
You freeze the ball python!
You kill the ball python!
The gnoll misses you.
You can't see any susceptible monsters within range! (Use Z to cast anyway.)
The gnoll hits you from afar with a +0 halberd!
* * * LOW HITPOINT WARNING * * *
You are too injured to fight recklessly!
The gnoll hits you with a +0 halberd!
You die...

# #. ####.###
#.....)# #.#†#
#.#g# ########
#.#g# #......#
# #.#@#
#######'######
#.##.#.#
#.............
#......#
#.............
####.###
#........[....
##.#
#...⌠#####⌠...
#..# #...##
##... #.##
###...# #...
#.# #.'...#
#...
#.####.#...#
#...


You could see 2 gnolls.

Vanquished Creatures
  5 gnolls (D:2)
  2 dart slugs (D:1)
  2 endoplasms (D:1)
  A giant cockroach (D:2)
  2 hobgoblins
  4 jackals (D:1)
  2 quokkas
  A ball python (D:2)
  5 bats
  A frilled lizard (D:1)
  3 goblins (D:1)
  8 kobolds
  2 rats (D:1)
38 creatures vanquished.

Notes
Turn   | Place    | Note
-------+----------+-------------------------------------------
     0 | D:1      | Barriton the Draconian Ice Elementalist began the quest for
                  | the Orb.
     0 | D:1      | Reached XP level 1. HP: 14/14 MP: 3/3
   305 | D:1      | Reached XP level 2. HP: 20/20 MP: 3/5
   746 | D:1      | Reached XP level 3. HP: 21/26 MP: 0/6
  1403 | D:2      | Reached XP level 4. HP: 27/33 MP: 0/8
  1590 | D:2      | Slain by a gnoll

Illustrated notes

Levels and vault maps discovered:
D:1:      minmay_arrival_loop, layout_basic, minmay_misc_feat_iff
D:2:      layout_loops_cross, kennysheep_path_1

Skill      XL: |  1  2  3  4 |
---------------+-------------+-----
Dodging        | 2 |  2.2
Stealth        | 2 |  2.0
Fighting       | |  0.1
Unarmed Combat | |  0.6
Spellcasting   | |  2.8
Ice Magic      | |  4.8

Action                     |  1- 3 |  4- 6 || total
---------------------------+-------+-------++-------
  Melee: Unarmed           |    32 |    10 ||    42
         Tailslap          |     5 |     1 ||     6
   Cast: Freeze            |    48 |     7 ||    55
    Use: Scroll            |     5 |       ||     5
 Armour: Skin              |    33 |     2 ||    35
  Dodge: Dodged            |    63 |     6 ||    69

Table legend: (Time is in decaauts)
 A = Elapsed time spent in this place.
 B = Non-inter-level travel time spent in this place.
 C = Inter-level travel time spent in this place.
 D = Time resting spent in this place.
 E = Time spent auto-exploring this place.
 F = Levels seen in this place.
 G = Mean time per level.
                   A        B        C        D        E       F      G
               +--------+--------+--------+--------+--------+-----+--------+
         Total |   1591 |   1520 |     71 |      0 |   1231 |   2 |  795.5 |
       Dungeon |   1591 |   1520 |     71 |      0 |   1231 |   2 |  795.5 |
               +--------+--------+--------+--------+--------+-----+--------+

Top non-repeatable levels by time:
     D:1: 1115 daAuts
     D:2: 476 daAuts
